 Dungeon Crawl Stone Soup version 0.28.0-43-g3370ac3207 (webtiles) character file.

Game seed: 16624534479935035464

6854 MacCMillion the Transmogrifier (level 10, -3/51 HPs)
             Began as a Spriggan Transmuter on Mar 6, 2022.
             Was an Initiate of Gozag.
             Slain by a hellwing (5 damage)
             ... summoned by an orc high priest
             ... while paralysed by an orc sorcerer
             ... on level 2 of the Orcish Mines.
             The game lasted 01:10:05 (16484 turns).

MacCMillion the Transmogrifier (SpTm)              Turns: 16484, Time: 01:10:06

Health: -3/51      AC:  8    Str:  5 (6)  XL:     10   Next: 78%
Magic:  15/15      EV:  4    Int: 17 (20) God:    Gozag
Gold:   905        SH:  0    Dex: 13 (15) Spells: 6/15 levels left

rFire   . . .      SeeInvis +   i - +3 dagger
rCold   . . .      Faith    .   (no shield)
rNeg    . . .      Spirit   .   y - +0 robe
rPois   .          Reflect  .   E - +2 hood of the Assassin {Detection Stab+ Stlth++}
rElec   .          Harm     .   (no cloak)
rCorr   .          Rampage  .   (gloves unavailable)
Will    +....                   (boots unavailable)
Stlth   ++++++....              u - amulet of magic regeneration
HPRegen 0.17/turn               b - +4 ring of slaying
MPRegen 0.54/turn               I - +4 ring of protection

@: paralysed, lethally poisoned (-3 -> -30), studying Slings, very quick
A: very small, no large weapons, unfitting armour, see invisible, speed 3
a: Renounce Religion, Potion Petition, Call Merchant, Bribe Branch


You were on level 2 of the Orcish Mines.
You worshipped Gozag.
Gozag was pleased with you.
You visited 2 branches of the dungeon, and saw 12 of its levels.

You collected 1740 gold pieces.
You spent 744 gold pieces at shops.
You paid 91 gold pieces to Gozag.

Inventory:

Hand Weapons
 i - a +3 dagger (weapon)
 F - a +2 dagger of protection
Missiles
 a - 18 poisoned darts
 j - 3 boomerangs
 p - 2 boomerangs of dispersal
 t - a throwing net
 x - a curare-tipped dart
Armour
 y - a +0 robe (worn)
 E - the +2 hood of the Assassin (worn) {Detection Stab+ Stlth++}
   (You bought it in a shop on level 4 of the Dungeon)

   It allows the wearer to sense nearby creatures.
   It allows the wearer to make particularly effective stabbing attacks against
   helpless or unaware enemies with any weapon.
   Stlth:     It makes you much more stealthy.
 G - an orb of wrath
Magical Staves
 g - a staff of fire
Jewellery
 b - a +4 ring of slaying (left hand)
 r - a ring of flight
 u - an amulet of magic regeneration (around neck)
 z - a ring of fire
 B - an amulet of reflection
 I - a +4 ring of protection (right hand)
 J - a +4 ring of evasion
Wands
 m - a wand of flame (27)
 n - a wand of digging (3)
 D - a wand of mindburst (15)
Scrolls
 d - a scroll of noise {unknown}
 e - 3 scrolls of magic mapping
 h - a scroll of holy word
 k - a scroll of immolation
 l - a scroll of torment
 o - 3 scrolls of vulnerability
 s - a scroll of teleportation
 A - 2 scrolls of enchant weapon {unknown}
 C - 2 scrolls of blinking {unknown}
 H - a scroll of fear {unknown}
 L - a scroll of brand weapon {unknown}
 N - a scroll of fog
Potions
 c - 3 potions of invisibility
 f - 2 potions of flight
 q - 2 potions of curing
 v - 2 potions of might
 w - 2 potions of cancellation
 K - a potion of ambrosia {unknown}
 M - a potion of mutation {unknown}


   Skills:
 + Level 5.2 Fighting
 - Level 3.0 Throwing
 - Level 10.0 Dodging
 + Level 9.6 Stealth
 + Level 4.0 Unarmed Combat
 - Level 3.0 Spellcasting
 + Level 11.0 Transmutations
 + Level 4.5 Ice Magic
 - Level 4.0 Poison Magic


You had 6 spell levels left.
You knew the following spells:

 Your Spells              Type           Power      Damage    Failure   Level
a - Beastly Appendage     Tmut           78%        N/A       1%          1
b - Wereblood             Tmut           39%        N/A       1%          2
c - Spider Form           Tmut/Pois      28%        N/A       2%          3
d - Frozen Ramparts       Ice            36%        1d5       9%          3

Your spell library contained the following spells:

 Spells                   Type           Power      Damage    Failure   Level
 Ice Form                 Ice/Tmut       29%        N/A       7%          4
 Animate Skeleton         Necr           4%         N/A       17%         1
 Apportation              Tloc           4%         N/A       17%         1
 Slow                     Hex            8%         N/A       17%         1
 Summon Small Mammal      Summ           8%         N/A       17%         1
 Confusing Touch          Hex            2%         N/A       45%         3
 Vampiric Draining        Necr           2%         2d6       45%         3
 Summon Ice Beast         Ice/Summ       10%        N/A       56%         4
 Passage of Golubria      Tloc           2%         N/A       86%         4
 Silence                  Hex/Air        1%         N/A       99%         5
 Lehudib's Crystal Spear  Conj/Erth      1%         10d2      100%        8


Dungeon Overview and Level Annotations

Branches:
Dungeon (10/15)            Temple (0/1) D:5             Orc (2/2) D:9
   Lair: D:8-11         Elf: Orc:2

Altars:
Ashenzari
Fedhas
Gozag
Hepliaklqana
Kikubaaqudgha
Nemelex Xobeh
Okawaru
Trog
Vehumet
Wu Jian
Xom
Yredelemnul

Shops:
D:2 =   D:4 [   D:5 (   D:9 *

Annotations:
D:4 3 runed translucent doors, Ablot's ghost, amateur GnWr; Ablot's ghost, novice GnWr; weresquid's ghost, amateur OpGl
D:5 exclusion: oklob sapling
D:6 exclusion: zombie
D:9 2 runed translucent doors, kthxbai's ghost, novice DECj


Innate Abilities, Weirdness & Mutations

You are very small and have problems with some larger weapons.
You are too small for most types of armour.
You have supernaturally acute eyesight. (SInv)
You cover ground extremely quickly. (Speed+++)


Message History

a - 17 poisoned darts (gained 1)
a - 18 poisoned darts (gained 1)
You now have 882 gold pieces (gained 4).
Things that are here:
a +0 plate armour; a +0 mace You now have 905 gold pieces (gained 23).
Done exploring.
Done exploring.
Done exploring.
Things that are here:
a +0 plate armour; a +0 hand axe of electrocution
There is a stone staircase leading down here.
You climb downwards.
The orc completely misses you. The orc closely misses you.
The orc sorcerer points at you and mumbles some strange words.
You resist with almost no effort.
The orc high priest mumbles some strange prayers to Beogh.
There is a stone staircase leading up here.
The orc misses you. The orc closely misses you.
The orc sorcerer points at you and mumbles some strange words.
You suddenly lose the ability to move!
The orc wizard casts a spell.
The orc wizard flickers and vanishes for a moment.
The orc hits you with a +0 hand axe.
The orc hits you with a +2 morningstar of venom!
You are poisoned.
The orc sorcerer mumbles some strange words.
The hellwing hits you. x2; The chaos spawn barely misses you.
The orc high priest hits you with a +4 battleaxe!!
* * * LOW HITPOINT WARNING * * *
* * * LOW HITPOINT WARNING * * *
You feel very sick. The orc hits you but does no damage.
The orc hits you with a +2 morningstar of venom.
* * * LOW HITPOINT WARNING * * *
You are more poisoned.
The orc high priest barely misses you.
The hellwing hits you but does no damage.
The hellwing hits you.
You die...
Your body crumbles into a pile of gold.

...............
...............
....$..........
.$.............
..o............
.........o.....
.....o.o.......
.o....4@4......
.......oo......
.......4.......
.$..o...o......
...............
...............
...............
..$............


You could see an orc high priest, 2 hellwings, a chaos spawn (summoned), an orc
sorcerer, an orc warrior, an orc priest, 2 orc wizards and 3 orcs.

Vanquished Creatures
  A two-headed ogre (D:8)
  An orc knight (Orc:1)
  A salamander (shapeshifter) (D:9)
  A troll (D:9)
  A shadow (D:8)
  A wyvern (D:9)
  6 yaks (D:9)
  A steam dragon (D:9)
  A warg (Orc:1)
  8 orc warriors
  A necrophage (D:4)
  2 sky beasts
  2 ogres (D:6)
  3 centaurs
  2 phantoms
  Blork the orc (D:5)
  2 kobold brigands
  2 bullfrogs
  A gnoll sergeant (D:4)
  3 scorpions (D:6)
  10 killer bees
  4 howler monkeys
  A centaur zombie (D:9)
  2 gnoll shamans (D:7)
  6 jellies
  A hound (D:5)
  5 orc priests
  4 centaur skeletons
  A bullfrog skeleton (D:6)
  3 orc wizards
  2 iguanas (D:6)
  A scorpion zombie (D:5)
  A killer bee zombie (D:7)
  A howler monkey zombie (D:9)
  10 gnolls
  10 adders
  3 white imps
  4 worms
  2 dart slugs
  44 orcs
  7 bats
  A bat zombie (D:4)
  4 endoplasms
  9 giant cockroaches
  17 goblins
  13 hobgoblins
  A jackal (D:4)
  23 kobolds
  3 quokkas
  2 ball pythons
  6 rats
  2 rat zombies (D:4)
244 creatures vanquished.

Vanquished Creatures (others)
  76 plants
76 creatures vanquished.

Grand Total: 320 creatures vanquished

Notes
Turn   | Place    | Note
-------+----------+-------------------------------------------
     0 | D:1      | MacCMillion the Spriggan Transmuter began the quest for the
                  | Orb.
     0 | D:1      | Reached XP level 1. HP: 9/9 MP: 5/5
    57 | D:1      | Reached skill level 3 in Transmutations
    58 | D:1      | Reached skill level 1 in Fighting
   138 | D:1      | Reached XP level 2. HP: 14/14 MP: 4/6
   141 | D:1      | Learned a level 2 spell: Wereblood
   530 | D:1      | Reached XP level 3. HP: 18/18 MP: 5/8
   533 | D:1      | You fall into a shaft and drop 1 floor!
   564 | D:2      | Reached skill level 4 in Transmutations
  1176 | D:2      | Learned a level 3 spell: Spider Form
  1246 | D:2      | Reached XP level 4. HP: 23/23 MP: 7/9
  1336 | D:2      | Found Big Jit's One-of-a-Kind Rings.
  1652 | D:3      | Reached skill level 5 in Transmutations
  2062 | D:3      | Reached skill level 1 in Poison Magic
  2062 | D:3      | Reached XP level 5. HP: 26/26 MP: 6/10
  2228 | D:3      | Found a broken altar of Ashenzari.
  2624 | D:4      | Found Woawiz Wubi's Armour Boutique.
  2626 | D:4      | Noticed a necrophage
  2689 | D:4      | Found a runed translucent gate.
  2689 | D:4      | Found a runed translucent gate.
  2689 | D:4      | Found a runed translucent gate.
  2689 | D:4      | Noticed Ablot's ghost (amateur GnWr)
  2690 | D:4      | Noticed weresquid's ghost (amateur OpGl)
  2690 | D:4      | Noticed Ablot's ghost (novice GnWr)
  3027 | D:4      | Reached skill level 1 in Throwing
  3278 | D:4      | Reached skill level 1 in Stealth
  3278 | D:4      | Reached XP level 6. HP: 29/30 MP: 11/11
  3322 | D:4      | Found an opulent altar of Gozag.
  3330 | D:4      | Became a worshipper of Gozag Ym Sagoz the Greedy
  3365 | D:4      | Found an ornate altar of the Wu Jian Council.
  3562 | D:4      | Reached skill level 6 in Transmutations
  4142 | D:4      | Found an ancient bone altar of Kikubaaqudgha.
  4210 | D:5      | Entered Level 5 of the Dungeon
  4241 | D:5      | Found a hazy altar of Hepliaklqana.
  4244 | D:5      | Noticed a sky beast
  4281 | D:5      | Noticed Blork the orc
  4281 | D:5      | Found Padghehaa's Weapon Boutique.
  4504 | D:5      | Found a staircase to the Ecumenical Temple.
  4792 | D:5      | Reached XP level 7. HP: 31/35 MP: 12/12
  4799 | D:5      | Found a basalt altar of Yredelemnul.
  4804 | D:5      | Killed Blork the orc
  4812 | D:5      | Reached skill level 7 in Transmutations
  4993 | D:5      | Found a blossoming altar of Fedhas.
  5582 | D:6      | Reached skill level 5 in Dodging
  5987 | D:6      | Reached XP level 8. HP: 40/40 MP: 13/13
  6449 | D:6      | Reached skill level 8 in Transmutations
  7261 | D:6      | Reached skill level 5 in Stealth
  7497 | D:7      | Reached skill level 9 in Transmutations
  8299 | D:4      | Bought the +2 hood of the Assassin {Detection Stab+
                  | Stlth++} for 660 gold pieces
  8299 | D:4      | Found the +2 hood of the Assassin {Detection Stab+ Stlth++}
  8811 | D:7      | Reached XP level 9. HP: 44/45 MP: 14/14
  9510 | D:7      | Reached skill level 10 in Transmutations
  9859 | D:9      | Found Xeqo's General Store.
  9939 | D:9      | Noticed a troll
 10126 | D:9      | Found a flagged portal.
 10415 | D:8      | Found a radiant altar of Vehumet.
 10430 | D:8      | Found an iron altar of Okawaru.
 10432 | D:8      | Noticed a two-headed ogre
 10474 | D:8      | Reached skill level 1 in Ice Magic
 10501 | D:8      | Killed a two-headed ogre
 10502 | D:8      | Reached skill level 5 in Fighting
 10739 | D:7      | Learned a level 3 spell: Frozen Ramparts
 10909 | D:8      | Found a shimmering altar of Xom.
 11112 | D:8      | Found a sparkling altar of Nemelex Xobeh.
 11260 | D:8      | Found a bloodstained altar of Trog.
 11756 | D:8      | Reached XP level 10. HP: 34/51 MP: 15/15
 12831 | D:10     | Entered Level 10 of the Dungeon
 12942 | D:9      | Found a large runed translucent door.
 12942 | D:9      | Found a large runed translucent door.
 12943 | D:9      | Noticed kthxbai's ghost (novice DECj)
 13230 | D:9      | Reached skill level 10 in Dodging
 13474 | D:9      | Noticed a salamander
 13616 | D:9      | Found Xeqo's General Store.
 14094 | D:9      | Bought a potion of might for 56 gold pieces
 14094 | D:9      | Bought a scroll of fog for 28 gold pieces
 14796 | D:9      | Found a staircase to the Orcish Mines.
 14806 | D:9      | Killed a salamander
 14942 | Orc:1    | Entered Level 1 of the Orcish Mines
 15556 | Orc:2    | Entered Level 2 of the Orcish Mines
 15556 | Orc:2    | Noticed an orc knight
 15556 | Orc:2    | Noticed an orc sorcerer
 15640 | Orc:1    | Killed an orc knight
 15696 | Orc:2    | Noticed an orc high priest
 16182 | Orc:2    | Noticed a smoke demon
 16291 | Orc:1    | Reached skill level 11 in Transmutations
 16482 | Orc:2    | Paralysed by an orc sorcerer for 7 turns
 16484 | Orc:2    | HP: 2/51 [orc/+2 morningstar of venom[an orc high priest]
                  | (6)]
 16484 | Orc:2    | Slain by a hellwing

Illustrated notes

Levels and vault maps discovered:
D:1:      amcnicky_arrival_wind_blow, layout_basic,
          ebering_ecumenical_altar_webs, minmay_worlds_worst_comb
D:2:      layout_rooms, nicolae_shop_unique_rings
D:3:      layout_basic, general_overflow_altar, serial_park_tiny_pond
D:4:      layout_cave_pools, pdpol_wu_jian_five_deadly_venoms,
          lemuel_zombie_altar_kikubaaqudgha,
          nicolae_gozag_cash_rules_everything_around_me, serial_bayou,
          serial_bayou_lake_a, serial_bayou_ford_a, serial_bayou_pond_d,
          serial_bayou_pond_b, serial_shops, shop, gammafunk_ghost_cemetery
D:5:      corexii_shack_village, layout_basic, mainiacjoe_overflow_catwalk,
          nicolae_ru_the_path_less_chosen, mainiacjoe_overflow_paths,
          mainiacjoe_overflow_alcove_2, minmay_temple_entry_oklob, serial_shops,
          shop, uniq_blork_the_orc
D:6:      layout_cave_pods
D:7:      layout_rooms
D:8:      layout_basic, nemelex_spade_bored_becter, kennysheep_mini,
          mainiacjoe_overflow_boulevard, mainiacjoe_overflow_catch_the_wave,
          special_room [special_room_orc], nrook_loot_triangle
D:9:      layout_basic, orc_0_dummy, serial_shops,
          nicolae_shop_temple_entry_statues_fountains, enter_bailey_5,
          ebering_ghost_disaster_area
D:10:     layout_long_grid, chequers_serial_rivers_large_a, uniq_josephine,
          uniq_gastronok
Orc:1:    minmay_goldmine, layout_caves
Orc:2:    st_orc_open, layout_caves, uniq_sonja, uniq_urug, uniq_rupert

Skill      XL: |  1  2  3  4  5  6  7  8  9 10 |
---------------+-------------------------------+-----
Transmutations | 3 4 5 6 7 9 10 11 | 11.0
Fighting       | 1 2 3 4 5 |  5.2
Dodging        | 3 4 5 6 9 10 | 10.0
Spellcasting   | 3 |  3.0
Poison Magic   | 1 2 3 4 |  4.0
Throwing       | 1 2 3 |  3.0
Stealth        | 1 2 4 5 7 9 |  9.6
Ice Magic      | 3 4 |  4.5
Unarmed Combat | 4 |  4.0

Action                   |  1- 3 |  4- 6 |  7- 9 | 10-12 || total
-------------------------+-------+-------+-------+-------++-------
Melee: Unarmed           |    80 |       |    25 |   128 ||   233
       Kick              |    13 |    36 |    39 |       ||    88
       Headbutt          |    10 |    14 |    25 |       ||    49
       Dagger            |     9 |   150 |   236 |     5 ||   400
       Punch             |     1 |       |     7 |     1 ||     9
Throw: Boomerang         |       |    27 |    27 |    10 ||    64
       Dart              |       |       |    24 |    17 ||    41
       Throwing net      |       |       |     2 |       ||     2
 Cast: Beastly Appendage |    16 |    27 |    16 |       ||    59
       Wereblood         |     7 |    26 |    29 |    15 ||    77
       Spider Form       |     1 |       |     4 |    20 ||    25
       Frozen Ramparts   |       |       |       |     1 ||     1
 Abil: End Transformatio |       |       |     1 |       ||     1
  Use: Scroll            |       |     2 |     3 |     5 ||    10
       Potion            |       |       |     2 |     1 ||     3
 Stab: Sleeping          |     2 |     2 |     5 |     1 ||    10
       Held in net/web   |       |       |     1 |       ||     1
       Distracted        |       |       |       |     2 ||     2
Armor: Robe              |     4 |    15 |    23 |     3 ||    45
       Skin              |       |       |     4 |    10 ||    14
Dodge: Dodged            |    51 |   121 |   324 |   183 ||   679
